 Seeded DCSS version 0.31-a0-182-gc5ef74bbde (webtiles) character file.

Game seed: 3425585917399930565 (custom seed)

891 innerfire43 the Chopper (level 7, -5/52 HPs)
             Began as a Demonspawn Monk on June 20, 2023.
             Was an Elder of Okawaru.
             Slain by an ogre
             ... wielding a +0 giant club
              (19 damage)
             ... on level 6 of the Dungeon.
             The game lasted 00:05:22 (4338 turns).

innerfire43 the Chopper (Demonspawn Monk)           Turns: 4338, Time: 00:05:23

Health: -5/52      AC: 31    Str: 19    XL:     7   Next: 77%
Magic:  7/7        EV:  6    Int: 13    God:    Okawaru [****..]
Gold:   281        SH:  0    Dex: 16    Spells: 6/6 levels left

rFire   . . .        a - +0 hand axe
rCold   . . .        d - orb {light}
rNeg    . . .        o - +15 Maxwell's patent armour {-Cast -Tele rElec Will+ rCorr}
rPois   .            (helmet restricted)
rElec   +            m - +0 cloak
rCorr   +            (no gloves)
SInv    .            (no boots)
Will    +....        (no amulet) Stlth
                     j - +4 ring of protection
HPRegen 0.28/turn    l - +6 ring of strength
MPRegen 0.10/turn

%: no teleportation, no spellcasting
@: glowing
A: antennae 2, big brain 1, demonic magic 2
a: Renounce Religion, Heroism, Finesse


You were on level 6 of the Dungeon.
You worshipped Okawaru.
Okawaru was greatly pleased with you.
You visited 1 branch of the dungeon, and saw 6 of its levels.

You collected 281 gold pieces.

Inventory:

Hand Weapons
 a - a +0 hand axe (weapon)
Armour
 b - a +0 robe
 d - an orb of light (worn)
 m - a +0 cloak (worn)
 o - the +15 Maxwell's patent armour (worn) {-Cast -Tele rElec Will+ rCorr}
   (You acquired it on level 3 of the Dungeon)

   rElec:     It insulates you from electricity.
   -Cast:     It prevents spellcasting.
   -Tele:     It prevents most forms of teleportation.
   rCorr:     It protects you from acid and corrosion.
   Will:      It increases your willpower.
Jewellery
 j - a +4 ring of protection (left hand)
 l - a +6 ring of strength (right hand)
 r - a ring of magical power
 s - a +4 ring of protection
Wands
 u - a wand of charming (15)
 B - a wand of light (7)
Scrolls
 f - 2 scrolls of poison {unknown}
 g - 3 scrolls of identify {unknown}
 i - 2 scrolls of noise {unknown}
 p - a scroll of fear {unknown}
 t - 2 scrolls of immolation {unknown}
 w - a scroll of enchant weapon {unknown}
 y - a scroll of enchant armour {unknown}
 z - a scroll of teleportation {unknown}
Potions
 c - a potion of ambrosia
 e - 4 potions of curing
 h - 4 potions of might {unknown}
 k - 2 potions of attraction {unknown}
 n - a potion of brilliance {unknown}
 q - 2 potions of haste {unknown}
 v - 3 potions of heal wounds {unknown}
 x - a potion of invisibility {unknown}
 A - a potion of berserk rage {unknown}


   Skills:
 - Level 3.0 Fighting
 + Level 7.5 Axes
 * Level 3.8 Armour
 - Level 2.7 Dodging
 - Level 0.7 Stealth


You had 6 spell levels left.
You didn't know any spells.
Your spell library contained the following spells:

 Spells                   Type           Power      Damage    Failure   Level
 Animate Dead             Necr           Unusable   N/A       N/A         4
 Haunt                    Necr/Summ      Unusable   N/A       N/A         7
 Infestation              Necr           Unusable   N/A       N/A         8

Dungeon Overview and Level Annotations

Branches:
Dungeon (6/15)             Temple (0/1) D:4

Altars:
Ashenzari
Fedhas
Okawaru


Innate Abilities, Weirdness & Mutations

You have a pair of antennae on your head.
You have an unusually large brain. (Int +2)
Spells you cast may paralyse nearby enemies.


Message History

You climb upwards.
There is a stone staircase leading down here.
HP restored.
Done exploring.
You climb downwards.
The two-headed ogre hits you but does no damage.
The two-headed ogre hits you with a +0 giant spiked club.
The ogre completely misses you.
There is a stone staircase leading up here.
You hit the two-headed ogre but do no damage.
You hit the ogre.
The two-headed ogre hits you with a +0 giant club.
The two-headed ogre hits you but does no damage.
You hit the ogre.
The ogre is moderately wounded.
You hit the two-headed ogre. The ogre hits you with a +0 giant club.
The two-headed ogre hits you with a +0 giant club.
The two-headed ogre hits you with a +0 giant spiked club.
You hit the ogre.
The ogre is moderately wounded.
You hit the two-headed ogre but do no damage.
The ogre barely misses you.
You hit the ogre.
The ogre is heavily wounded.
You hit the two-headed ogre.
The two-headed ogre hits you with a +0 giant club!
The two-headed ogre hits you but does no damage.
You are too injured to fight recklessly!
You are too injured to fight recklessly!
You hit the ogre.
The ogre is heavily wounded.
You hit the two-headed ogre. The ogre hits you with a +0 giant club!
* * * LOW HITPOINT WARNING * * *
You hit the ogre.
The ogre is severely wounded.
You hit the two-headed ogre but do no damage.
The two-headed ogre hits you but does no damage.
The two-headed ogre completely misses you.
The ogre hits you with a +0 giant club!!
You die...

########### #.........#
#.........# #..)......#
#.........# ♣
#....|....# #.♣♣.
#.........#
..?.########O@.......#
#..........O......#
#...####<.........#
#....##..###†.........#
..♣♣ #.......##..###.##
♣.O#####............
....# #.#..........
..#.## ..#......$. #
..##....<...


You could see a two-headed ogre and an ogre.

Vanquished Creatures
  Duvessa (D:3)
  An ice beast (D:5)
  An ogre (D:5)
  A scorpion (D:5)
  Dowan (D:3)
  6 hounds
  An orc priest (D:5)
  Terence (D:2)
  2 iguanas (D:5)
  An orc wizard (D:4)
  Robin (D:2)
  An adder (D:2)
  6 gnolls
  2 shadow imps
  An ufetubus (D:4)
  A dart slug (D:5)
  11 orcs
  2 ball pythons (D:2)
  3 endoplasms
  4 giant cockroaches
  20 goblins
  12 hobgoblins
  3 quokkas
  2 bats
  8 frilled lizards
  4 kobolds
  7 rats
104 creatures vanquished.

Notes
Turn   | Place    | Note
-------+----------+-------------------------------------------
     0 | D:1      | innerfire43 the Demonspawn Monk began the quest for the
                  | Orb.
     0 | D:1      | Reached XP level 1. HP: 18/18 MP: 1/1
   170 | D:1      | Reached skill level 3 in Axes
   269 | D:1      | Gained mutation: Spells you cast may paralyse adjacent
                  | enemies. [demonic ancestry]
   269 | D:1      | Reached XP level 2. HP: 24/24 MP: 2/2
   894 | D:2      | Noticed Robin
   895 | D:2      | Gained mutation: Spells you cast may paralyse nearby
                  | enemies. [demonic ancestry]
   895 | D:2      | Reached XP level 3. HP: 25/29 MP: 3/3
   906 | D:2      | Killed Robin
   907 | D:2      | Reached skill level 4 in Axes
  1249 | D:2      | Gained mutation: You have a pair of small antennae on your
                  | head. [demonic ancestry]
  1249 | D:2      | Reached XP level 4. HP: 35/35 MP: 4/4
  1636 | D:2      | Noticed Terence
  1654 | D:2      | Killed Terence
  1973 | D:3      | Reached skill level 5 in Axes
  1980 | D:3      | Gained mutation: You have an unusually large brain. (Int
                  | +2) [demonic ancestry]
  1980 | D:3      | Reached XP level 5. HP: 15/41 MP: 5/5
  2158 | D:3      | Found a faded altar of an unknown god.
  2174 | D:3      | Prayed at the altar of an unknown god.
  2174 | D:3      | Became a worshipper of Warmaster Okawaru
  2174 | D:3      | Reached * piety under Okawaru
  2174 | D:3      | Reached ** piety under Okawaru
  2474 | D:3      | Identified a scroll of acquirement
  2474 | D:3      | Acquired the +15 Maxwell's patent armour {-Cast -Tele rElec
                  | Will+ rCorr}
  2474 | D:3      | Found the +15 Maxwell's patent armour {-Cast -Tele rElec
                  | Will+ rCorr}
  2501 | D:4      | Noticed Dowan
  2503 | D:4      | Noticed Duvessa
  2509 | D:4      | Found a staircase to the Ecumenical Temple.
  2648 | D:3      | Killed Duvessa
  2649 | D:3      | Reached skill level 1 in Armour
  2808 | D:3      | Killed Dowan
  2809 | D:3      | Reached skill level 6 in Axes
  2809 | D:3      | Gained mutation: You have a pair of antennae on your head.
                  | [demonic ancestry]
  2809 | D:3      | Reached XP level 6. HP: 41/47 MP: 6/6
  2856 | D:4      | Reached *** piety under Okawaru
  3107 | D:4      | Found a blossoming altar of Fedhas.
  3122 | D:4      | Found a broken altar of Ashenzari.
  3315 | D:5      | Entered Level 5 of the Dungeon
  3498 | D:5      | Noticed an ice beast
  3515 | D:5      | Killed an ice beast
  3516 | D:5      | Reached XP level 7. HP: 52/52 MP: 7/7
  3682 | D:5      | Reached skill level 7 in Axes
  4000 | D:5      | Reached **** piety under Okawaru
  4184 | D:6      | Noticed a two-headed ogre
  4338 | D:6      | Slain by an ogre

Illustrated notes

Levels and vault maps discovered:
D:1:      dpeg_arrival_more_subterranean_lakeside_camping, layout_basic
D:2:      layout_basic, minmay_small_reverse_x, uniq_terence, uniq_robin
D:3:      layout_rooms, lemuel_crystal_altar,
          ebering_ecumenical_altar_petrified, serial_rivers,
          chequers_serial_rivers_small_b, chequers_serial_rivers_micro_c,
          chequers_serial_rivers_small_a, chequers_serial_rivers_large_b,
          chequers_serial_rivers_micro_e, chequers_serial_rivers_small_a
D:4:      layout_cave_pools, mainiacjoe_overflow_tiny_flanked,
          nicolae_overflow_crystal_walls, minmay_temple_entry_water_ring,
          sigmund_army, uniq_duvessa
D:5:      layout_cave_pods
D:6:      layout_rooms, nicolae_eternal_life

Skill      XL: |  1  2  3  4  5  6  7 |
---------------+----------------------+-----
Axes           | 3 4 5 6 7 |  7.5
Armour         | 1 2 3 |  3.8
Fighting       | |  3.0
Dodging        | |  2.7
Stealth        | |  0.7

Action                     |  1- 3 |  4- 6 |  7- 9 || total
---------------------------+-------+-------+-------++-------
  Melee: Hand axe          |   108 |   200 |    92 ||   400
    Use: Scroll            |       |     3 |       ||     3
         Potion            |       |     1 |       ||     1
   Stab: Sleeping          |       |     1 |       ||     1
 Armour: Robe              |    26 |     7 |       ||    33
         Plate armour      |       |   139 |   103 ||   242
  Dodge: Dodged            |    68 |    81 |    39 ||   188

Table legend: (Time is in decaauts)
 A = Elapsed time spent in this place.
 B = Non-inter-level travel time spent in this place.
 C = Inter-level travel time spent in this place.
 D = Time resting spent in this place.
 E = Time spent auto-exploring this place.
 F = Levels seen in this place.
 G = Mean time per level.
                   A        B        C        D        E       F      G
               +--------+--------+--------+--------+--------+-----+--------+
         Total |   4388 |   4322 |     66 |      0 |   3396 |   6 |  731.3 |
       Dungeon |   4388 |   4322 |     66 |      0 |   3396 |   6 |  731.3 |
               +--------+--------+--------+--------+--------+-----+--------+

Top non-repeatable levels by time:
     D:5: 964 daAuts
     D:2: 898 daAuts
     D:3: 897 daAuts
     D:1: 891 daAuts
     D:4: 683 daAuts
     D:6: 53 daAuts
